 Dungeon Crawl Stone Soup version 0.31-a0-435-g2c6fae2916 (webtiles) character file.

Game seed: 11554532822075419849

429 floatRand the Chopper (level 7, -10/52 HPs)
             Began as a Formicid Fighter on Aug 1, 2023.
             Killed from afar by a steam dragon (20 damage)
             ... with a ball of steam
             ... on level 4 of the Dungeon.
             The game lasted 00:03:35 (2769 turns).

floatRand the Chopper (Formicid Fighter)            Turns: 2769, Time: 00:03:36

Health: -10/52     AC: 10    Str: 23    XL:     7   Next: 19%
Magic:  7/7        EV:  9    Int:  7    God:
Gold:   209        SH: 10    Dex: 13    Spells: 6/6 levels left

rFire   . . .        a - +0 war axe
rCold   . . .        c - +0 buckler
rNeg    . . .        b - +0 scale mail
rPois   .            (helmet unavailable)
rElec   .            (no cloak)
rCorr   .            (no gloves)
SInv    +            (no boots)
Will    .....        e - amulet of reflection Stlth
                     l - +4 ring of protection
HPRegen 0.28/turn    (no ring)
MPRegen 0.10/turn

%: reflection
@: no status effects
A: permanent stasis, dig shafts and tunnels, antennae 3, four strong arms
a: Dig, Shaft Self


You were on level 4 of the Dungeon.
You visited 1 branch of the dungeon, and saw 4 of its levels.

You collected 209 gold pieces.

Inventory:

Hand Weapons
 a - a +0 war axe (weapon)
 p - a +0 giant spiked club
Missiles
 n - 6 poisoned darts
Armour
 b - a +0 scale mail (worn)
 c - a +0 buckler (worn)
Jewellery
 e - an amulet of reflection (around neck)
 l - a +4 ring of protection (left hand)
Wands
 i - a wand of iceblast (1)
 m - a wand of charming (6)
Scrolls
 f - 4 scrolls of poison
 g - 2 scrolls of identify
Potions
 d - 3 potions of might
 h - a potion of attraction
 j - a potion of brilliance
 k - a potion of cancellation
 o - a potion of enlightenment
 q - a potion of lignification {unknown}
 r - a potion of heal wounds {unknown}


   Skills:
 - Level 3.2 Fighting
 + Level 7.2 Axes
 - Level 3.2 Armour
 - Level 4.0 Shields


You had 6 spell levels left.
You didn't know any spells.
Your spell library contained the following spells:

 Spells                   Type           Power      Damage    Failure   Level
 Dazzling Flash           Conj/Hex       0%         N/A       99%         3
 Ignite Poison            Fire/Tmut/Pois 0%         N/A       99%         3
 Inner Flame              Hex/Fire       0%         N/A       99%         3
 Flame Wave               Conj/Fire      0%         2d4       100%        4
 Sticky Flame             Conj/Fire      0%         2d3       100%        4
 Agony                    Necr           0%         N/A       100%        5
 Silence                  Hex/Air        0%         N/A       100%        5
 Ignition                 Fire           0%         3d3       100%        8


Dungeon Overview and Level Annotations

Branches:
Dungeon (4/15)
 Temple: D:4-7

Altars:
Nemelex Xobeh
Wu Jian


Innate Abilities, Weirdness & Mutations

You cannot be hasted, slowed, berserked, paralysed or teleported.
You can dig through walls and to a lower floor.
You have a pair of large antennae on your head. (SInv)
Your four strong arms can wield two-handed weapons with a shield.


Message History

The steam dragon breathes steam at you. The ball of steam hits you.
You barely miss the steam dragon.
You are engulfed in a cloud of scalding steam.
You block the steam dragon's attack. x2
You closely miss the steam dragon. The steam dragon closely misses you.
The steam dragon claws you.
Unknown command.
You hit the steam dragon.
The steam dragon is lightly wounded.
The steam dragon bites you!
The steam dragon claws you but does no damage.
You slash the steam dragon!
The steam dragon is heavily wounded.
The steam dragon breathes steam at you. The ball of steam hits you!!
* * * LOW HITPOINT WARNING * * *
You hit the steam dragon.
The steam dragon is heavily wounded.
You are engulfed in a cloud of scalding steam.
The steam dragon bites you but does no damage.
The steam dragon claws you but does no damage.
Unknown command.
You are too injured to fight recklessly!
Unknown command.
You are too injured to fight recklessly!
Unknown command.
You barely miss the steam dragon.
The steam dragon is heavily wounded.
The steam dragon bites you.
* * * LOW HITPOINT WARNING * * *
The steam dragon barely misses you.
Unknown command.
You barely miss the steam dragon.
The steam dragon is heavily wounded.
The steam dragon bites you but does no damage.
The steam dragon barely misses you. The steam dragon breathes steam at you.
The ball of steam hits you!!
You die...

#...###....)........)..##..####
##.## #.................#......
### ##..#.....####..#...#..##.
#..##.......##.....###....
#.............##...# ##...
#.........#.§.....## #....
#####.....§#.###...####....
##........##D..##..###......
##..........@..## ...#.......
#..........§..## .......##...
##.............#.....### #...
##......§§.......... ##..
#...####............ ###
##.##...§....##.....
###......##(.......
........#.....#...
..............#...


You could see a steam dragon (catching breath).

Vanquished Creatures
  An ogre (D:4)
  A howler monkey (D:4)
  A jelly (D:4)
  An orc priest (D:3)
  An orc wizard (D:3)
  An iguana (D:3)
  7 gnolls
  4 adders
  An ufetubus (D:4)
  3 worms
  2 dart slugs
  6 orcs
  4 ball pythons
  9 bats
  6 endoplasms
  6 giant cockroaches
  8 hobgoblins
  5 quokkas
  3 frilled lizards
  5 goblins
  6 kobolds
  2 rats
83 creatures vanquished.

Notes
Turn   | Place    | Note
-------+----------+-------------------------------------------
     0 | D:1      | floatRand the Formicid Fighter began the quest for the Orb.
     0 | D:1      | Reached XP level 1. HP: 18/18 MP: 1/1
   170 | D:1      | Reached XP level 2. HP: 24/24 MP: 2/2
   259 | D:1      | Reached skill level 3 in Axes
   336 | D:1      | Reached XP level 3. HP: 29/29 MP: 3/3
   869 | D:2      | Reached skill level 4 in Axes
   869 | D:2      | Reached XP level 4. HP: 31/35 MP: 4/4
  1360 | D:2      | Reached XP level 5. HP: 41/41 MP: 5/5
  1513 | D:3      | Reached skill level 5 in Axes
  2016 | D:3      | Reached XP level 6. HP: 35/47 MP: 6/6
  2026 | D:3      | Reached skill level 6 in Axes
  2501 | D:4      | Found an ornate altar of the Wu Jian Council.
  2546 | D:4      | Noticed an orc warrior
  2668 | D:4      | Found a sparkling altar of Nemelex Xobeh.
  2726 | D:4      | Noticed an ogre
  2726 | D:4      | Noticed a steam dragon
  2740 | D:4      | Killed an ogre
  2741 | D:4      | Reached skill level 7 in Axes
  2741 | D:4      | Reached XP level 7. HP: 52/52 MP: 7/7
  2769 | D:4      | Killed from afar by a steam dragon

Illustrated notes

Levels and vault maps discovered:
D:1:      dpeg_arrival_long_road, layout_basic
D:2:      layout_loops_ring, minmay_cut_off
D:3:      layout_basic, minmay_gold_behind_fungi, minmay_door_square
D:4:      layout_cave_pools, mainiacjoe_overflow_24_doors,
          mainiacjoe_overflow_concentric_impassable, serial_shops,
          nicolae_lakefront_shop, grunt_ministairs_13

Skill      XL: |  1  2  3  4  5  6 |
---------------+-------------------+-----
Axes           | 3 4 5 7 |  7.2
Fighting       | |  3.2
Armour         | |  3.2
Shields        | |  4.0

Action                     |  1- 3 |  4- 6 |  7- 9 || total
---------------------------+-------+-------+-------++-------
  Melee: War axe           |    54 |   189 |     7 ||   250
  Evoke: Wand              |       |     2 |       ||     2
    Use: Scroll            |       |     8 |     1 ||     9
 Armour: Scale mail        |    23 |    72 |     5 ||   100
  Dodge: Dodged            |    16 |    67 |     3 ||    86
  Block: Buckler           |    31 |   101 |     2 ||   134
         Reflection        |     1 |     3 |       ||     4

Table legend: (Time is in decaauts)
 A = Elapsed time spent in this place.
 B = Non-inter-level travel time spent in this place.
 C = Inter-level travel time spent in this place.
 D = Time resting spent in this place.
 E = Time spent auto-exploring this place.
 F = Levels seen in this place.
 G = Mean time per level.
                   A        B        C        D        E       F      G
               +--------+--------+--------+--------+--------+-----+--------+
         Total |   2839 |   2805 |     34 |    167 |   1801 |   4 |  709.8 |
       Dungeon |   2839 |   2805 |     34 |    167 |   1801 |   4 |  709.8 |
               +--------+--------+--------+--------+--------+-----+--------+

Top non-repeatable levels by time:
     D:3: 1007 daAuts
     D:2: 887 daAuts
     D:1: 623 daAuts
     D:4: 320 daAuts
